AoeStats
← Kiritastrich

Migration

506605995Analyzed
1v1 RM · 18d ago on Sep 14, 2026· 26m 0s· 2 players
Game mode
Random Map
Map size
132×132
Population
200
Speed
Normal
Resources
Standard
Victory
Conquest
Starting age
Dark Age
Ending age
Imperial Age
RankedLock teamsTeams togetherTeam positionsShared explorationLock speedFull tech treeHidden civsTurbo modeCheats
Victory
Defeat
🇮🇳 Celts · India
1785
+19
🇷🇺 Bulgarians · Russia
1858
-19
NotATeamPlayer
12:59 Feudal Age
13:49 Double-Bit Axe
16:50 Castle Age
15:00 Fletching
16:07 Loom
17:47 Bow Saw
17:56 Medium Warships
20:20 Bodkin Arrow
22:07 Wheelbarrow
22:12 Forging
Kiritastrich
13:14 Feudal Age
14:17 Fishing Lines
14:25 Double-Bit Axe
16:48 Castle Age
15:27 Forging
17:51 Medium Warships
18:26 Bow Saw
18:33 Loom
19:56 Clinker Construction
20:09 Careening
25:27 Gillnets
Connection lost

Rejoining the realm…

Still unreachable

The connection could not be restored.

Session expired

The server has moved on; the page needs a fresh start.